 Dungeon Crawl Stone Soup version 0.24-a0-317-g5cb8de4b22 (webtiles) character file.

Game seed: 11411137832604201909

110 HAL9000 the Sneak (level 4, -7/23 HPs)
             Began as a Vine Stalker Assassin on May 16, 2019.
             Killed by divine providence
             ... invoked by an orc priest
              (10 damage)
             ... on level 3 of the Dungeon.
             The game lasted 00:02:51 (1995 turns).

HAL9000 the Sneak (Vine Stalker Assassin)           Turns: 1995, Time: 00:02:51

Health: -7/23      AC:  3    Str: 14    XL:     4   Next: 91%
Magic:  0/5        EV: 11    Int: 12    God:
Gold:   85         SH:  0    Dex: 15    Spells: 3/3 levels left

rFire    . . .     SeeInvis .   a - +2 dagger
rCold    . . .     Gourm    .   (no shield)
rNeg     . . .     Faith    .   b - +0 robe
rPois    .         Spirit   +   (no helmet)
rElec    .         Reflect  .   c - +0 cloak
rCorr    .         Harm     .   (no gloves)
MR       .....                  (no boots)
Stlth    +++.......             (no amulet)
HPRegen  0.47/turn              (no ring)
MPRegen  0.09/turn              (no ring)

@: no status effects
A: fangs 2, regeneration 1, magic shield, antimagic bite, no potion heal 3, rot
immunity
a: no special abilities


You were on level 3 of the Dungeon.
You were hungry.

You visited 1 branch of the dungeon, and saw 3 of its levels.

You collected 85 gold pieces.

Inventory:

Hand Weapons
 a - a +2 dagger (weapon)
Missiles
 d - 18 poisoned darts
 e - 2 curare-tipped darts
 p - a throwing net
 v - 7 boomerangs (quivered)
Armour
 b - a +0 robe (worn)
 c - a +0 cloak (worn)
Jewellery
 i - an uncursed amulet of faith
 r - an uncursed ring of ice
Scrolls
 g - a scroll of immolation {unknown}
 k - a scroll of blinking
 l - 3 scrolls of remove curse
 m - 2 scrolls of teleportation {unknown}
 n - a scroll of identify {unknown}
 q - a scroll of enchant armour {unknown}
Potions
 h - a potion of might {unknown}
 j - a potion of curing {unknown}
 o - a potion of brilliance {unknown}
 s - a potion of heal wounds {unknown}
 t - 2 potions of flight {unknown}
 w - a potion of resistance {unknown}
 x - 2 potions of agility {unknown}
Comestibles
 f - 7 rations
 u - 3 chunks of flesh


   Skills:
 - Level 1.7 Fighting
 + Level 4.4 Short Blades
 - Level 1.7 Throwing
 - Level 0.7 Dodging
 - Level 4.8 Stealth


You had 3 spell levels left.
You didn't know any spells.
Your spell library was empty.

Dungeon Overview and Level Annotations

Branches:
Dungeon (3/15)

Altars:


Innate Abilities, Weirdness & Mutations

You have extremely sharp teeth.
Your natural rate of healing is unusually fast.
When hurt, damage is shared between your health and your magic reserves.
Your bite disrupts and absorbs the magic of your enemies.
Potions cannot restore your health.
You are immune to rotting.


Message History

You are feeling hungry.
The orc priest shouts!
The orc priest miscasts a cantrip.
The orc priest calls down the wrath of Beogh upon you.
Pain shoots through your body!
The orc priest invokes the aid of Beogh against you.
Beogh smites you!
* * * LOW HITPOINT WARNING * * *
The orc priest hits you with a +0 short sword.
* * * LOW HITPOINT WARNING * * *
You closely miss the orc priest. Your bite misses the orc priest.
The orc priest completely misses you.
Unknown command.
You hit the orc priest but do no damage.
Your bite misses the orc priest. You hit the orc priest.
The orc priest is moderately wounded.
The orc priest mumbles some strange prayers to Beogh against you.
Beogh smites you!
You die...

######l##.#..##.# .#
###....Z.##.#..##.# #
.##.#Z#######.#..#..# ..>#..#
#.#.....#####.# .##...#
#.............#
.####o#########.##...######
................##...####
#####.#####....o....>...##
#...........@....)...#
#.#####..............########
#.# ##....##....##.........
#.# ###....##....##..#######
#.. ..........(..†##....)....
### ####....##.##.##..#######
##..###....)...# #..#
#....<..## #............#


You could see an orc priest.

Vanquished Creatures
  A gnoll (D:2)
  2 adders (D:2)
  2 oozes
  An adder skeleton (D:3)
  A worm (D:3)
  3 dart slugs
  A leopard gecko (D:2)
  An orc (D:3)
  A ball python (D:1)
  5 giant cockroaches
  9 goblins
  8 hobgoblins
  A quokka (D:2)
  10 bats
  2 frilled lizards
  3 kobolds
  9 rats
60 creatures vanquished.

Notes
Turn   | Place    | Note
-------+----------+-------------------------------------------
     0 | D:1      | HAL9000 the Vine Stalker Assassin began the quest for the
                  | Orb.
     0 | D:1      | Reached XP level 1. HP: 11/11 MP: 2/2
    81 | D:1      | Reached XP level 2. HP: 11/15 MP: 1/3
   542 | D:1      | Reached XP level 3. HP: 14/18 MP: 4/4
   947 | D:2      | Found a faded altar of an unknown god.
  1232 | D:2      | Gained mutation: Your natural rate of healing is unusually
                  | fast. [Vine Stalker growth]
  1232 | D:2      | Reached XP level 4. HP: 20/23 MP: 5/5
  1995 | D:3      | Killed from afar by an orc priest

Levels and vault maps discovered:
D:1:      minmay_arrival_stone_box, layout_rooms, minmay_cupped
D:2:      layout_basic, chequers_ecumenical_altar_island
D:3:      layout_loops_ring

Skill      XL: |  1  2  3  4 |
---------------+-------------+-----
Short Blades   | 2 3 4 |  4.4
Fighting       | |  1.7
Throwing       | |  1.7
Dodging        | |  0.7
Stealth        | |  4.8

Action                   |  1- 3 |  4- 6 || total
-------------------------+-------+-------++-------
Melee: Dagger            |   106 |    61 ||   167
       Bite              |    20 |    12 ||    32
Throw: Dart              |     1 |       ||     1
       Boomerang         |       |     2 ||     2
  Use: Scroll            |       |     2 ||     2
 Stab: Sleeping          |    14 |     2 ||    16
  Eat: Chunk             |       |     3 ||     3
Armor: Robe              |    26 |    14 ||    40
Dodge: Dodged            |    60 |    37 ||    97

Table legend:
 A = Non-vault XP
 B = Vault XP
 C = Vault XP percentage of total XP
 D = Non-vault monster count
 E = Vault monster count
 F = Vault count percentage of total count
                 A         B        C        D         E       F
            +---------+---------+-------+---------+---------+-------
      Total |     153 |       5 |   3.2 |      57 |       3 |   5.0
            +---------+---------+-------+---------+---------+-------
        D:1 |      49 |       5 |   9.3 |      28 |       3 |   9.7
        D:2 |      74 |       0 |   0.0 |      19 |       0 |   0.0
        D:3 |      30 |       0 |   0.0 |      10 |       0 |   0.0
            +---------+---------+-------+---------+---------+-------
